PAAA
SCRANTON SUPERNOVAS @ ALASKAN HUMPBACKS
09/14/2038
 
TOP OF THE 1ST
Scranton Supernovas batting - Pitching for Alaskan Humpbacks : RHP Jesús Silva
Pitching: RHP Jesús Silva
Batting: LHB António Casas 0-0: Fly out, F7 (Flyball, 7D, EV 80.0 MPH)
Batting: RHB Juan Tellado 0-0: Called Strike
0-1: Reached on error, E5 (Groundball, 56S, EV 93.1 MPH)
Batting: LHB David de Meij 0-0: Ball
Juan Tellado steals 2nd base
1-0: Ball
2-0: Ball
3-0: Base on Balls
Batting: LHB Guan-pei Bei 0-0: Called Strike
0-1: SINGLE (Line Drive, 56D, EV 98.8 MPH)
Juan Tellado to third
David de Meij to second
Runner from 3rd tries for Home, SAFE, throw by LF to home
Batting: RHB Luke Kreijling Pickoff Throw to Second - Error! E1
David de Meij to third
Guan-pei Bei to second
0-0: Foul Ball, location: 2F
0-1: Swinging Strike
0-2: Ball
1-2: Fly out, F7 (Flyball, 7S, EV 83.1 MPH)
Batting: LHB Chase Popoff 0-0: Ball
1-0: Foul Ball, location: 2F
1-1: Swinging Strike
1-2: Strikes out swinging
Top of the 1st over - 1 run, 1 hit, 2 errors, 2 left on base; Scranton 1 - Alaskan 0
BOTTOM OF THE 1ST
Alaskan Humpbacks batting - Pitching for Scranton Supernovas : LHP Joaquín Pérez
Pitching: LHP Joaquín Pérez
Batting: LHB Philip Visscher 0-0: Ball
1-0: Fly out, F8 (Flyball, 8RD, EV 101.9 MPH)
Batting: RHB Wally Briggs 0-0: SOLO HOME RUN (Flyball, 78XD, EV 96.2 MPH), Distance : 417 ft
Batting: RHB Pacu Martic 0-0: Ball
1-0: Called Strike
1-1: Swinging Strike
1-2: Foul Ball, location: 2F
1-2: Strikes out swinging
Batting: RHB José Torres 0-0: Fly out, F9 (Flyball, 89M, EV 91.9 MPH)
Bottom of the 1st over - 1 run, 1 hit, 0 errors, 0 left on base; Scranton 1 - Alaskan 1
TOP OF THE 2ND
Scranton Supernovas batting - Pitching for Alaskan Humpbacks : RHP Jesús Silva
Batting: SHB Eugene Clutch 0-0: Called Strike
0-1: Foul Ball, location: 2F
0-2: Foul Ball, location: 2F
0-2: Ground out 5-3 (Groundball, 5, EV 101.9 MPH)
Batting: RHB John Willoughby 0-0: Called Strike
0-1: Swinging Strike
0-2: Fly out, F7 (Flyball, 7S, EV 80.0 MPH)
Batting: RHB Zacarías Salazar 0-0: Called Strike
0-1: Ball
1-1: SINGLE (Line Drive, 7S, EV 92.5 MPH)
Batting: LHB António Casas 0-0: Ground out 4-3 (Groundball, 4M, EV 81.2 MPH)
Top of the 2nd over - 0 runs, 1 hit, 0 errors, 1 left on base; Scranton 1 - Alaskan 1
BOTTOM OF THE 2ND
Alaskan Humpbacks batting - Pitching for Scranton Supernovas : LHP Joaquín Pérez
Batting: LHB Pat Pending 0-0: Ball
1-0: Ball
2-0: Called Strike
2-1: Called Strike
2-2: Foul Ball, location: 2F
2-2: DOUBLE (Flyball, 89D, EV 98.8 MPH)
Batting: LHB Shohei Otani 0-0: Called Strike
0-1: Foul Ball, location: 2F
0-2: Fly out, F6 (Popup, 6M, EV 49.4 MPH)
Batting: RHB Jon Moon 0-0: Foul Ball, location: 2F
0-1: Ground out 6-3 (Groundball, 6, EV 86.9 MPH)
Pat Pending to third
Batting: RHB Kyuso Kouno 0-0: Ball
1-0: Swinging Strike
1-1: Fly out, F8 (Flyball, 8LXD, EV 80.0 MPH)
Bottom of the 2nd over - 0 runs, 1 hit, 0 errors, 1 left on base; Scranton 1 - Alaskan 1
TOP OF THE 3RD
Scranton Supernovas batting - Pitching for Alaskan Humpbacks : RHP Jesús Silva
Batting: RHB Juan Tellado 0-0: Ground out 6-3 (Groundball, 6S, EV 70.0 MPH)
Batting: LHB David de Meij 0-0: Ball
1-0: Foul Ball, location: 2F
1-1: Ball
2-1: Ground out 1-3 (Groundball, P, EV 76.2 MPH)
Batting: LHB Guan-pei Bei 0-0: Ball
1-0: Foul Ball, location: 2F
1-1: Called Strike
1-2: DOUBLE (Line Drive, 78D, EV 110.6 MPH)
Batting: RHB Luke Kreijling 0-0: Ball
1-0: Called Strike
1-1: Called Strike
1-2: Foul Ball, location: 2F
1-2: Fly out, F7 (Flyball, 7S, EV 87.5 MPH)
Top of the 3rd over - 0 runs, 1 hit, 0 errors, 1 left on base; Scranton 1 - Alaskan 1
BOTTOM OF THE 3RD
Alaskan Humpbacks batting - Pitching for Scranton Supernovas : LHP Joaquín Pérez
Batting: RHB Thomas Feliciano 0-0: Ball
1-0: Ball
2-0: Fly out, F7 (Flyball, 7LD, EV 101.2 MPH)
Batting: LHB Philip Visscher 0-0: Ball
1-0: SINGLE (Groundball, 3D, EV 108.1 MPH)
Batting: RHB Wally Briggs 0-0: Called Strike
0-1: Ball
1-1: Ball
2-1: Fielders Choice at 2nd, 5-4 (Groundball, 56, EV 90.0 MPH)
Batting: RHB Pacu Martic 0-0: Called Strike
0-1: Called Strike
0-2: Ball
1-2: Fielders Choice at 2nd, 6-4 (Groundball, 6, EV 98.1 MPH)
Bottom of the 3rd over - 0 runs, 1 hit, 0 errors, 1 left on base; Scranton 1 - Alaskan 1
TOP OF THE 4TH
Scranton Supernovas batting - Pitching for Alaskan Humpbacks : RHP Jesús Silva
Batting: LHB Chase Popoff 0-0: DOUBLE (Line Drive, 7LD, EV 108.1 MPH)
Batting: SHB Eugene Clutch 0-0: Foul Ball, location: 2F
0-1: Ball
1-1: Called Strike
1-2: Foul Ball, location: 2F
1-2: Ball
2-2: SINGLE (Line Drive, 6MD, EV 98.1 MPH)
Chase Popoff to third
Batting: RHB John Willoughby 0-0: Called Strike
0-1: Ball
1-1: Grounds into double play, 4-6-3 (Groundball, 4, EV 78.8 MPH)
Chase Popoff scores
Batting: RHB Zacarías Salazar 0-0: Ball
1-0: Ball
2-0: Called Strike
2-1: Called Strike
2-2: Fly out, F9 (Flyball, 9D, EV 92.5 MPH)
Top of the 4th over - 1 run, 2 hits, 0 errors, 0 left on base; Scranton 2 - Alaskan 1
BOTTOM OF THE 4TH
Alaskan Humpbacks batting - Pitching for Scranton Supernovas : LHP Joaquín Pérez
Batting: RHB José Torres 0-0: Foul Ball, location: 2F
0-1: Ball
1-1: Foul Ball, location: 2F
1-2: Foul Ball, location: 2F
1-2: Ball
2-2: Fly out, F9 (Flyball, 89D, EV 92.5 MPH)
Batting: LHB Pat Pending 0-0: Fly out, F8 (Line Drive, 8LD, EV 89.4 MPH)
Batting: LHB Shohei Otani 0-0: Called Strike
0-1: Fly out, F8 (Flyball, 8RD, EV 88.8 MPH)
Bottom of the 4th over - 0 runs, 0 hits, 0 errors, 0 left on base; Scranton 2 - Alaskan 1
TOP OF THE 5TH
Scranton Supernovas batting - Pitching for Alaskan Humpbacks : RHP Jesús Silva
Batting: LHB António Casas 0-0: Called Strike
0-1: Ground out 1-3 (Groundball, 15S, EV 72.5 MPH)
Batting: RHB Juan Tellado 0-0: Fly out, F9 (Line Drive, 9, EV 88.1 MPH)
Batting: LHB David de Meij 0-0: Called Strike
0-1: SINGLE (Groundball, 6D, EV 102.5 MPH)
Batting: LHB Guan-pei Bei 0-0: Ball
1-0: Ball
David de Meij steals 2nd base (no throw)
2-0: Called Strike
2-1: Called Strike
2-2: Foul Ball, location: 2F
2-2: Ball
3-2: Strikes out swinging
Top of the 5th over - 0 runs, 1 hit, 0 errors, 1 left on base; Scranton 2 - Alaskan 1
BOTTOM OF THE 5TH
Alaskan Humpbacks batting - Pitching for Scranton Supernovas : LHP Joaquín Pérez
Batting: RHB Jon Moon 0-0: Ball
1-0: Foul Ball, location: 2F
1-1: Swinging Strike
1-2: Ball
2-2: Ground out 1-3 (Groundball, 15, EV 81.2 MPH)
Batting: RHB Kyuso Kouno 0-0: Ball
1-0: Ball
2-0: Ball
3-0: Base on Balls
Batting: RHB Thomas Feliciano 0-0: SINGLE (Groundball, 56D, EV 100.0 MPH)
Kyuso Kouno to second
Batting: LHB Philip Visscher 0-0: Called Strike
0-1: Foul Ball, location: 2F
0-2: Ball
1-2: Ball
2-2: Ball
3-2: 3-RUN HOME RUN (Flyball, 8LXD, EV 110.0 MPH) (Inside the Park)
Batting: RHB Wally Briggs 0-0: Ball
1-0: Called Strike
1-1: Foul Ball, location: 2F
1-2: Foul Ball, location: 2F
1-2: SINGLE (Line Drive, 9S, EV 88.1 MPH)
Batting: RHB Pacu Martic 0-0: Called Strike
0-1: Grounds into double play, 6-4-3 (Groundball, 56, EV 83.1 MPH)
Bottom of the 5th over - 3 runs, 3 hits, 0 errors, 0 left on base; Scranton 2 - Alaskan 4
TOP OF THE 6TH
Scranton Supernovas batting - Pitching for Alaskan Humpbacks : RHP Jesús Silva
Batting: RHB Luke Kreijling 0-0: Ball
1-0: Called Strike
1-1: Foul Ball, location: 2F
1-2: Ball
2-2: Strikes out swinging
Batting: LHB Chase Popoff 0-0: Ball
1-0: Called Strike
1-1: Ball
2-1: Foul Ball, location: 2F
2-2: Strikes out looking
Batting: SHB Eugene Clutch 0-0: Ball
1-0: Ball
2-0: Foul Ball, location: 2F
2-1: SINGLE (Line Drive, 78M, EV 98.8 MPH)
Pitching: RHP Kingston Liniak
Batting: RHB John Willoughby 0-0: Swinging Strike
0-1: Foul Ball, location: 2F
0-2: Ball
1-2: Ball
2-2: Ground out 5-3 (Groundball, 5S, EV 81.2 MPH)
Top of the 6th over - 0 runs, 1 hit, 0 errors, 1 left on base; Scranton 2 - Alaskan 4
BOTTOM OF THE 6TH
Alaskan Humpbacks batting - Pitching for Scranton Supernovas : LHP Joaquín Pérez
Batting: RHB José Torres 0-0: Called Strike
0-1: Ball
1-1: Called Strike
1-2: Reached via error on a dropped throw from 2B, E3 (Groundball, 4S, EV 85.6 MPH)
Batting: LHB Pat Pending 0-0: Fly out, F9 (Flyball, 9D, EV 96.9 MPH)
Batting: LHB Shohei Otani 0-0: Ball
1-0: Ball
2-0: Called Strike
2-1: Ball
3-1: Fly out, F9 (Flyball, 9S, EV 94.4 MPH)
Batting: RHB Jon Moon 0-0: Called Strike
0-1: Called Strike
0-2: Strikes out looking
Bottom of the 6th over - 0 runs, 0 hits, 1 error, 1 left on base; Scranton 2 - Alaskan 4
TOP OF THE 7TH
Scranton Supernovas batting - Pitching for Alaskan Humpbacks : RHP Kingston Liniak
Batting: RHB Zacarías Salazar 0-0: Ball
1-0: Ball
2-0: Called Strike
2-1: Foul Ball, location: 2F
2-2: Ball
3-2: Foul Ball, location: 2F
3-2: SINGLE (Groundball, 6MD, EV 96.9 MPH)
Batting: LHB António Casas 0-0: SINGLE (Flyball, 9LS, EV 88.8 MPH)
Zacarías Salazar to second
Runner from 2nd tries for 3rd, SAFE, no throw by RF
Pinch Hitting: LHB Todd Bonzalez 0-0: Called Strike
0-1: Ball
1-1: Ball
2-1: Called Strike
2-2: Ball
3-2: Base on Balls
António Casas to second
Pitching: LHP Kanakanui Lokomaikainani
Batting: LHB David de Meij 0-0: Ball
1-0: Called Strike
1-1: Foul Ball, location: 2F
1-2: Strikes out looking
Batting: LHB Guan-pei Bei 0-0: Grounds into fielders choice 3-2 (Groundball, 3L, EV 89.4 MPH)
António Casas to third
Todd Bonzalez to second
Batting: RHB Luke Kreijling 0-0: Called Strike
0-1: Foul Ball, location: 2F
0-2: Strikes out looking
Top of the 7th over - 0 runs, 2 hits, 0 errors, 3 left on base; Scranton 2 - Alaskan 4
BOTTOM OF THE 7TH
Alaskan Humpbacks batting - Pitching for Scranton Supernovas : LHP Joaquín Pérez
Now at 2B: Xuan-ling Liao
Batting: RHB Kyuso Kouno 0-0: Ball
1-0: Foul Ball, location: 2F
1-1: Swinging Strike
1-2: Foul Ball, location: 2F
1-2: Ground out 4-3 (Groundball, 4M, EV 85.6 MPH)
Batting: RHB Thomas Feliciano 0-0: Foul Ball, location: 2F
0-1: Foul Ball, location: 2F
0-2: Fly out, F9 (Flyball, 89S, EV 92.5 MPH)
Batting: LHB Philip Visscher 0-0: Ball
1-0: Ball
2-0: Called Strike
2-1: Foul Ball, location: 2F
2-2: Ball
3-2: Fly out, F7 (Flyball, 7LSF, EV 86.2 MPH)
Bottom of the 7th over - 0 runs, 0 hits, 0 errors, 0 left on base; Scranton 2 - Alaskan 4
TOP OF THE 8TH
Scranton Supernovas batting - Pitching for Alaskan Humpbacks : LHP Kanakanui Lokomaikainani
Batting: LHB Chase Popoff 0-0: Foul Ball, location: 2F
0-1: Swinging Strike
0-2: Ground out U3 (Groundball, 3, EV 93.1 MPH)
Batting: SHB Eugene Clutch 0-0: Ball
1-0: Ball
2-0: Called Strike
2-1: Ball
3-1: Ground out 6-3 (Groundball, 6, EV 81.9 MPH)
Batting: RHB John Willoughby 0-0: Ball
1-0: Called Strike
1-1: Fly out, F9 (Flyball, 9D, EV 80.6 MPH)
Top of the 8th over - 0 runs, 0 hits, 0 errors, 0 left on base; Scranton 2 - Alaskan 4
BOTTOM OF THE 8TH
Alaskan Humpbacks batting - Pitching for Scranton Supernovas : LHP Joaquín Pérez
Batting: RHB Wally Briggs 0-0: Ball
1-0: SINGLE (Flyball, 78M, EV 92.5 MPH)
Pitching: RHP Jon King
Batting: RHB Pacu Martic 0-0: Ball
1-0: Ball
2-0: SINGLE (Groundball, 56D, EV 101.2 MPH)
Wally Briggs to second
Batting: RHB José Torres 0-0: Called Strike
0-1: Ball
1-1: Ball
2-1: Foul Ball, location: 2F
2-2: Grounds into double play, 4-6-3 (Groundball, 4, EV 82.5 MPH)
Wally Briggs to third
Batting: LHB Pat Pending 0-0: Ground out 4-3 (Groundball, 34D, EV 88.1 MPH)
Bottom of the 8th over - 0 runs, 2 hits, 0 errors, 1 left on base; Scranton 2 - Alaskan 4
TOP OF THE 9TH
Scranton Supernovas batting - Pitching for Alaskan Humpbacks : LHP Kanakanui Lokomaikainani
Batting: RHB Zacarías Salazar 0-0: Foul Ball, location: 2F
0-1: Foul Ball, location: 2F
0-2: Ball
1-2: Fly out, F9 (Line Drive, 9, EV 104.4 MPH)
Batting: LHB António Casas 0-0: Called Strike
0-1: Swinging Strike
0-2: Ball
1-2: Ball
2-2: Ball
3-2: Strikes out swinging
Batting: LHB Xuan-ling Liao 0-0: Foul Ball, location: 2F
0-1: Foul Ball, location: 2F
0-2: Strikes out swinging
Top of the 9th over - 0 runs, 0 hits, 0 errors, 0 left on base; Scranton 2 - Alaskan 4
Friday, April 17th, 2020 - OOTP Baseball 20.8 Build 74